 Dungeon Crawl Stone Soup version 0.28-a0-1212-gc6b4282bc0 (webtiles) character file.

Game seed: 7020042875413819577

93 Htamos the Stinger (level 4, -2/35 HPs)
             Began as a Formicid Venom Mage on Dec 21, 2021.
             Slain by Grinder (5 damage)
             ... on level 3 of the Dungeon.
             The game lasted 00:04:26 (2288 turns).

Htamos the Stinger (Formicid Venom Mage)            Turns: 2288, Time: 00:04:27

Health: -2/35      AC:  3    Str: 14    XL:     4   Next: 91%
Magic:  2/7        EV: 12    Int: 15    God:
Gold:   43         SH:  0    Dex: 11    Spells: 6/7 levels left

rFire   . . .      SeeInvis +   c - +0 club
rCold   . . .      Faith    .   (no shield)
rNeg    . . .      Spirit   .   a - +0 robe
rPois   .          Reflect  .   (helmet unavailable)
rElec   .          Harm     .   (no cloak)
rCorr   .          Rampage  .   (no gloves)
Will    .....                   j - +0 pair of boots
Stlth   ++........              (no amulet)
HPRegen 0.11/turn               (no ring)
MPRegen 0.10/turn               (no ring)

@: no status effects
A: permanent stasis, dig shafts and tunnels, antennae 3, four strong arms, wild
magic 1
a: Dig, Shaft Self


You were on level 3 of the Dungeon.
You visited 1 branch of the dungeon, and saw 3 of its levels.

You collected 43 gold pieces.

Inventory:

Hand Weapons
 c - a +0 club (weapon)
 e - a +1 dagger of speed
Armour
 a - a +0 robe (worn)
 j - a +0 pair of boots (worn)
Scrolls
 d - 3 scrolls of identify {unknown}
 g - a scroll of amnesia {unknown}
 k - a scroll of immolation {unknown}
Potions
 b - a potion of mutation
 f - a potion of lignification {unknown}
 h - a potion of berserk rage {unknown}
 i - a potion of degeneration {unknown}


   Skills:
 * Level 3.1 Fighting
 + Level 2.0 Armour
 - Level 1.7 Dodging
 - Level 2.4 Stealth
 - Level 2.1 Spellcasting
 - Level 1.1 Transmutations
 + Level 4.8 Poison Magic


You had 6 spell levels left.
You knew the following spells:

 Your Spells              Type           Power      Damage    Failure   Level
a - Sting                 Tmut/Pois      52%        1d5       10%         1

Your spell library contained the following spells:

 Spells                   Type           Power      Damage    Failure   Level
 Poisonous Vapours        Pois/Air       22%        N/A       17%         2
 Olgreb's Toxic Radiance  Pois           21%        N/A       36%         4
 Mephitic Cloud           Conj/Pois/Air  8%         N/A       41%         3


Dungeon Overview and Level Annotations

Branches:
Dungeon (3/15)

Altars:

Annotations:
D:3 Grinder


Innate Abilities, Weirdness & Mutations

You cannot be hasted, slowed, berserked, paralysed or teleported.
You can dig through walls and to a lower floor.
You have a pair of large antennae on your head. (SInv)
Your four strong arms can wield two-handed weapons with a shield.
Your spells are a little harder to cast, but a little more powerful.


Message History

The sting misses Grinder.
Grinder hits you.
You writhe in agony.
Unknown command.
Casting: Sting (safe; 6% risk of failure)
Confirm with . or Enter, or press ? or * to list all spells.
Aiming: Sting (safe; 6% risk of failure)
Press: ? - help, Shift-Dir - straight line, f/p - Grinder
Aim: Grinder (lightly wounded, very poisoned, 68% to hit)
The sting hits Grinder.
Grinder looks even sicker.
Grinder is lightly wounded.
Grinder gestures at you.
Your stasis prevents you from being paralysed.
Casting: Sting (safe; 6% risk of failure)
Confirm with . or Enter, or press ? or * to list all spells.
Aiming: Sting (safe; 6% risk of failure)
Press: ? - help, Shift-Dir - straight line, f/p - Grinder
Aim: Grinder (moderately wounded, very poisoned, 68% to hit)
The sting hits Grinder but does no damage.
Grinder looks as sick as possible!
Grinder is moderately wounded.
Grinder hits you.
You writhe in agony.
* * * LOW HITPOINT WARNING * * *
Casting: Sting (safe; 6% risk of failure)
Confirm with . or Enter, or press ? or * to list all spells.
Aiming: Sting (safe; 6% risk of failure)
Press: ? - help, Shift-Dir - straight line, f/p - Grinder
Aim: Grinder (moderately wounded, extremely poisoned, 68% to hit)
The sting hits Grinder.
Grinder looks as sick as possible!
Grinder is moderately wounded.
* * * LOW MAGIC WARNING * * *
Grinder gestures at you. Pain shoots through your body!
* * * LOW HITPOINT WARNING * * *
Unknown command.
Unknown command.
It was a potion of mutation.
You feel extremely strange.
You feel clever.
You feel stupid.
You feel less in control of your magic. Grinder hits you!
* * * LOW HITPOINT WARNING * * *
You writhe in agony.
You die...

.. . . ##.## #.#.
#K. ..#####5#
#......@###### #
#.#..........# >..
#...##..####.##<....
... #..####........
. #...<..###.....
#.####.# .... .. #.#
... ### #.# ## #.#
{{


You could see Grinder (extremely poisoned) and a kobold.

Vanquished Creatures
  Jessica (D:2)
  An adder (D:2)
  A worm (D:2)
  A dart slug (D:1)
  7 ball pythons
  3 endoplasms
  2 giant cockroaches (D:2)
  5 hobgoblins
  6 jackals (D:1)
  2 quokkas (D:2)
  4 bats
  4 frilled lizards
  4 goblins (D:1)
  4 kobolds
  4 rats
49 creatures vanquished.

Notes
Turn   | Place    | Note
-------+----------+-------------------------------------------
     0 | D:1      | Htamos the Formicid Venom Mage began the quest for the Orb.
     0 | D:1      | Reached XP level 1. HP: 13/13 MP: 3/3
   179 | D:1      | Reached skill level 1 in Fighting
   201 | D:1      | Reached XP level 2. HP: 21/21 MP: 1/5
   452 | D:1      | Reached skill level 1 in Armour
   489 | D:1      | Reached XP level 3. HP: 24/27 MP: 2/6
   952 | D:1      | Found a faded altar of an unknown god.
  1373 | D:2      | Reached XP level 4. HP: 9/34 MP: 0/7
  2023 | D:2      | Noticed Jessica
  2031 | D:2      | Killed Jessica
  2279 | D:3      | Noticed Grinder
  2288 | D:3      | Gained mutation: Your mind is acute. (Int +2) [potion of
                  | mutation]
  2288 | D:3      | Lost mutation: Your mind is acute. (Int +2) [potion of
                  | mutation]
  2288 | D:3      | Gained mutation: Your spells are a little harder to cast,
                  | but a little more powerful. [potion of mutation]
  2288 | D:3      | Slain by Grinder

Illustrated notes

Levels and vault maps discovered:
D:1:      mainiacjoe_arrival_reflecting_pool, layout_loops_cross,
          shapermc_ecumenical_altar_notcrosses
D:2:      layout_loops_ring, amcnicky_mini_corridor_feature, uniq_jessica
D:3:      layout_loops_cross, slow_altar_1, nicolae_overflow_ecumenical_swirl,
          uniq_robin, uniq_grinder

Skill      XL: |  1  2  3  4 |
---------------+-------------+-----
Fighting       | 1 2 3 |  3.1
Armour         | 1 2 |  2.0
Dodging        | |  1.7
Stealth        | |  2.4
Spellcasting   | |  2.1
Transmutations | |  1.1
Poison Magic   | |  4.8

Action                   |  1- 3 |  4- 6 || total
-------------------------+-------+-------++-------
Melee: Unarmed           |    16 |       ||    16
       Club              |    24 |     7 ||    31
 Cast: Sting             |    52 |    22 ||    74
  Use: Potion            |       |     1 ||     1
Armor: Robe              |     9 |     2 ||    11
Dodge: Dodged            |    32 |     6 ||    38

Table legend: (Time is in decaauts)
 A = Elapsed time spent in this place.
 B = Non-inter-level travel time spent in this place.
 C = Inter-level travel time spent in this place.
 D = Time resting spent in this place.
 E = Time spent auto-exploring this place.
 F = Levels seen in this place.
 G = Mean time per level.
                   A        B        C        D        E       F      G
               +--------+--------+--------+--------+--------+-----+--------+
         Total |   2297 |   2192 |    105 |     41 |   1771 |   3 |  765.7 |
       Dungeon |   2297 |   2192 |    105 |     41 |   1771 |   3 |  765.7 |
               +--------+--------+--------+--------+--------+-----+--------+

Top non-repeatable levels by time:
     D:2: 1158 daAuts
     D:1: 1106 daAuts
     D:3: 32 daAuts
